 Seeded DCSS version 0.30-a0-1094-g860fb061e7 (webtiles) character file.

Game seed: 10786124958312911374 (custom seed)

32 retardedninja the Trooper (level 3, 34/34 HPs)
             Began as a Naga Fighter on Apr 17, 2023.
             Quit the game on level 1 of the Dungeon.
             The game lasted 00:01:53 (547 turns).

retardedninja the Trooper (Naga Fighter)             Turns: 547, Time: 00:01:54

Health: 34/34      AC:  4    Str: 20    XL:     3   Next: 27%
Magic:  3/3        EV:  7    Int:  8    God:
Gold:   42         SH:  4    Dex: 10    Spells: 2/2 levels left

rFire   . . .      SeeInvis +    a - +0 war axe
rCold   . . .      Faith    .    c - +0 buckler
rNeg    . . .      Spirit   .    b - +0 scale mail
rPois   +          Reflect  .    (no helmet)
rElec   .          Rampage  .    (no cloak)
rCorr   .                        (no gloves)
Will    .....                    (no barding) Stlth
                                 (no amulet)
HPRegen 0.25/turn                (no ring)
MPRegen 0.08/turn                (no ring)

@: about to teleport, very slow
A: AC +1, large, see invisible, deformed body, poison resistance, slowness 2,
spit poison 1, naga tail 1
a: Spit Poison


You were on level 1 of the Dungeon.
You visited 1 branch of the dungeon, and saw 1 of its levels.

You collected 42 gold pieces.

Inventory:

Hand Weapons
 a - a +0 war axe (weapon)
Missiles
 g - 2 throwing nets
Armour
 b - a +0 scale mail (worn)
 c - a +0 buckler (worn)
 e - a +0 pair of gloves
Scrolls
 h - 2 scrolls of magic mapping
Potions
 d - a potion of might
 j - a potion of berserk rage


   Skills:
 + Level 3.3 Fighting
 + Level 2.4 Axes
 + Level 2.7 Armour
 + Level 3.0 Shields


You had 2 spell levels left.
You didn't know any spells.
Your spell library contained the following spells:

 Spells                   Type           Power      Damage    Failure   Level
 Beastly Appendage        Tmut           0%         N/A       83%         1
 Wereblood                Tmut           0%         N/A       93%         2
 Spider Form              Tmut/Pois      0%         N/A       99%         3


Dungeon Overview and Level Annotations

Branches:
Dungeon (1/15)

Altars:

Shops:
D:1 !


Innate Abilities, Weirdness & Mutations

Your serpentine skin is tough. (AC +1)
You have supernaturally acute eyesight. (SInv)
Armour fits poorly on your strangely shaped body.
Your system is resistant to poisons. (rPois)
You cover ground very slowly.
You can spit poison.
You have a snake-like lower body.


Message History

The jackal bites you but does no damage.
The jackal barely misses you. You block the jackal's attack.
You hit the jackal.
The jackal is almost dead.
You hit the jackal. The jackal barely misses you. The jackal bites you. x2
The jackal bites you but does no damage.
You hit the jackal.
You kill the jackal!
You hit the jackal.
You kill the jackal!
Found a scroll labelled LIYWAB ZEEFA and 5 boomerangs.
Things that are here:
a jackal corpse; a jackal corpse; a jackal corpse
f - 2 scrolls labelled LIYWAB ZEEFA (gained 1) Key pressed, stopping explore.
Found Mazxauf's Distillery.
h - 2 scrolls labelled SERGHI SEUL (gained 1) Key pressed, stopping explore.
No target in view!
There is an entrance to Mazxauf's Distillery here.
You can access your shopping list by pressing '$'.
Found a short sword.
Key pressed, stopping explore.
Key pressed, stopping explore.
Key pressed, stopping explore.
Key pressed, stopping explore.
Key pressed, stopping explore.
Key pressed, stopping explore.
Done exploring.
Done exploring.
Done exploring.
Done exploring.
As you read the scroll labelled LIYWAB ZEEFA, it crumbles to dust.
It is a scroll of identify.
j - a potion of berserk rage
As you read the scroll of identify, it crumbles to dust.
h - 2 scrolls of magic mapping
As you read the scroll labelled GAIWKU WONOE, it crumbles to dust.
You feel strangely unstable.
It was a scroll of teleportation.
Are you sure you want to abandon this character and quit the game? (Confirm with "yes".)

..........####...#
#...............##
÷#######..[##.÷..#
..#####..........#
#.........####...#
#######..........#
## #...######..#
.# ###...........#
.###..).########@#
.#....#..........#
...##......#######
.########### .# .#
##


There were no monsters in sight!

Vanquished Creatures
  A dart slug (D:1)
  A ball python (D:1)
  4 bats (D:1)
  4 endoplasms (D:1)
  A giant cockroach (D:1)
  A goblin (D:1)
  5 hobgoblins (D:1)
  4 jackals (D:1)
  A frilled lizard (D:1)
  2 kobolds (D:1)
24 creatures vanquished.

Notes
Turn   | Place    | Note
-------+----------+-------------------------------------------
     0 | D:1      | retardedninja the Naga Fighter began the quest for the Orb.
     0 | D:1      | Reached XP level 1. HP: 21/21 MP: 1/1
    45 | D:1      | Reached XP level 2. HP: 20/28 MP: 2/2
   366 | D:1      | Reached XP level 3. HP: 34/34 MP: 3/3
   455 | D:1      | Found Mazxauf's Distillery.
   547 | D:1      | Quit the game

Illustrated notes

Levels and vault maps discovered:
D:1:      enne_arrival_octagon_isle, layout_rooms, serial_shops, shop,
          minmay_misc_feat_room, minmay_misc_feat_more_columns,
          minmay_pentomino_u4

Skill      XL: |  1  2 |
---------------+-------+-----
Shields        | 3 |  3.0
Fighting       | |  3.3
Axes           | |  2.4
Armour         | |  2.7

Action                     || total
---------------------------++-------
  Melee: War axe           ||    57
    Use: Scroll            ||     3
 Armour: Scale mail        ||    35
  Dodge: Dodged            ||    28
  Block: Buckler           ||    13

Table legend: (Time is in decaauts)
 A = Elapsed time spent in this place.
 B = Non-inter-level travel time spent in this place.
 C = Inter-level travel time spent in this place.
 D = Time resting spent in this place.
 E = Time spent auto-exploring this place.
 F = Levels seen in this place.
 G = Mean time per level.
                   A        B        C        D        E       F      G
               +--------+--------+--------+--------+--------+-----+--------+
         Total |    712 |    712 |      0 |      0 |    541 |   1 |  712.0 |
       Dungeon |    712 |    712 |      0 |      0 |    541 |   1 |  712.0 |
               +--------+--------+--------+--------+--------+-----+--------+

Top non-repeatable levels by time:
     D:1: 712 daAuts
